Map: Persephone LE

Players

Necross

  • Race: Zerg Zerg
  • League: Gold
  • Spawn Location: 11:00

Sindyr - Winner!

  • Race: Zerg Zerg
  • League: Master
  • Spawn Location: 7:00

VOD

Have the link to the VOD?

Description

Time

  • Played on: Oct. 8, 2025, 6:39 p.m.
  • Length: 17:55
Show
View Real Time Build Order
Export as new Build Order

Necross Zerg 

Build Orders: Hatch First, Zergling Baneling 

Get SALT Encoding   

  12  0:01  Drone  
  13  0:09  Drone  
  14  0:24  Extractor  
  14  0:25  Drone, Extractor  
  14  0:26  Drone  
  16  0:32  Overlord  
  16  0:52  Drone x2  
  18  0:57  Drone  
  19  1:08  Hatchery, Drone  
  19  1:21  Drone  
  19  1:25  Spawning Pool  
  19  1:34  Drone  
  19  1:37  Extractor  
  19  1:39  Extractor  
  18  1:41  Overlord  
  18  1:51  Drone  
  19  2:02  Drone  
  20  2:15  Hatchery, Drone  
  19  2:21  Drone  
  21  2:24  Drone  
  21  2:25  Queen  
  24  2:36  Drone  
  25  2:44  Drone  
  25  2:45  Drone  
  25  2:46  Queen  
  25  2:51  Zergling x2  
  30  2:53  Drone  
  31  2:59  Baneling Nest  
  31  3:01  Zergling x2  
  31  3:05  Drone  
  32  3:08  Zergling x2  
  33  3:15  Lair  
  33  3:17  Drone  
  34  3:24  Zergling x2  
  32  3:32  Spine Crawler  
  32  3:33  Zergling x2  
  30  3:34  Zergling x2  
  30  3:36  Zergling x2  
  30  3:39  Zergling x2  
  32  3:45  Zergling x4  
  34  3:53  Zergling x4  
  33  3:56  Zergling x2  
  33  4:00  Zergling x2  
  34  4:12  Baneling x4  
  34  4:13  Drone  
  35  4:20  Queen  
  37  4:25  Drone  
  38  4:31  Spine Crawler  
  38  4:37  Baneling x7  
  38  4:38  Baneling x2  
  33  5:02  Zergling x12  
  33  5:03  Zergling x2, Drone  
  41  5:13  Drone  
  41  5:14  Zergling x2  
  41  5:15  Overlord  
  36  5:36  Drone x3, Roach Warren  
  36  5:37  Drone x2  
  36  5:39  Zergling x2  
  41  5:56  Baneling x11  
  41  5:59  Drone x2  
  41  6:02  Zergling x2  
  44  6:05  Drone x2  
  44  6:07  Drone  
  47  6:15  Drone  
  47  6:16  Drone, Zergling x2  
  50  6:21  Centrifugal Hooks  
  50  6:29  Overlord  
  50  6:31  Overlord  
  50  6:32  Overlord  
  50  6:34  Overlord  
  42  6:57  Roach x4  
  42  6:58  Zergling x2  
  42  6:59  Zergling x4  
  42  7:00  Zergling x6  
  54  7:08  Spine Crawler x2  
  54  7:10  Spine Crawler  
  54  7:12  Roach x2  
  54  7:13  Zergling x2  
  54  7:14  Zergling x2  
  57  7:30  Queen, Zergling x2  
  57  7:31  Zergling x8  
  64  7:37  Metabolic Boost  
  64  7:44  Overseer  
  64  7:47  Overseer  
  64  7:50  Drone x4  
  68  7:51  Roach  
  70  8:05  Drone  
  70  8:06  Drone  
  70  8:08  Zergling x4  
  70  8:09  Zergling x4  
  70  8:10  Zergling x2  
  70  8:11  Zergling x4  
  78  8:23  Zergling x4  
  78  8:24  Zergling x2  
  78  8:26  Overlord  
  81  8:30  Burrow  
  85  8:55  Roach x2  
  85  8:56  Roach, Drone x3  
  87  9:11  Roach  
  87  9:13  Overlord x2  
  87  9:15  Overlord x2  
  87  9:16  Overlord  
  88  9:27  Evolution Chamber  
  88  9:28  Evolution Chamber  
  88  9:29  Extractor  
  85  9:31  Extractor  
  85  9:33  Hydralisk Den  
  85  9:35  Drone x2  
  85  9:36  Zergling x4  
  85  9:37  Drone x2  
  74  10:01  Zergling x8  
  74  10:02  Zergling x6  
  72  10:17  Roach x2  
  72  10:18  Roach x3  
  78  10:38  Roach x2  
  78  10:39  Roach x2  
  78  10:42  Hatchery  
  85  10:44  Queen  
  85  10:47  Zerg Missile Weapons Level 1  
  87  11:07  Roach x3  
  87  11:08  Roach x3  
  94  11:21  Roach x3  
  94  11:22  Roach x3  
  106  11:34  Glial Reconstitution  
  106  11:36  Drone  
  107  12:06  Hatchery  
  106  12:19  Zergling x2  
  106  12:20  Zergling x12  
  106  12:21  Zergling x8  
  117  12:41  Zerg Ground Armor Level 1  
  117  12:47  Hydralisk x2  
  117  12:48  Hydralisk  
  117  12:50  Overlord x3  
  123  12:56  Zerg Missile Weapons Level 2  
  123  13:05  Evolution Chamber  
  122  13:14  Zergling x2  
  122  13:15  Zergling x6  
  122  13:16  Zergling x4  
  128  13:25  Hydralisk  
  128  13:26  Hydralisk  
  128  13:27  Hydralisk x3  
  130  13:32  Drone x2  
  130  13:33  Queen  
  142  13:49  Roach x3  
  142  13:50  Roach x2  
  142  13:51  Drone x2  
  137  14:04  Roach x2  
  137  14:05  Roach x3  
  137  14:06  Roach, Drone  
  125  14:23  Overseer  
  125  14:35  Hydralisk x5  
  117  14:40  Roach x3  
  93  14:52  Roach x6  
  99  14:53  Roach x4  
  99  14:54  Roach x2  
  99  14:56  Zergling x4  
  113  15:14  Zergling x4  
  113  15:15  Zergling x4  
  113  15:16  Zergling x6  
  109  15:51  Grooved Spines  
  109  16:03  Drone x2  
  111  16:10  Spine Crawler  
  111  16:11  Spine Crawler  
  109  16:13  Spine Crawler x2  
  109  16:14  Spine Crawler  
  106  16:27  Hydralisk x3  
  106  16:28  Hydralisk x2  
  106  16:30  Drone  
  106  16:31  Drone  
  118  16:41  Muscular Augments  
  118  16:52  Spine Crawler  
  117  16:55  Spine Crawler  
  117  16:57  Spine Crawler  
  117  16:59  Spine Crawler  
  117  17:01  Roach x3  
  120  17:02  Roach, Spine Crawler  
  121  17:13  Spine Crawler  
  74  17:35  Roach x2  
  74  17:36  Roach  
Show
View Real Time Build Order
Export as new Build Order

Sindyr Zerg - Winner!

Build Orders: Hatch First 

Get SALT Encoding   

  12  0:02  Drone  
  13  0:13  Overlord  
  13  0:25  Drone  
  14  0:34  Drone x2  
  16  0:37  Drone  
  17  0:52  Hatchery  
  17  0:56  Drone  
  17  0:59  Drone  
  18  1:04  Extractor  
  17  1:17  Spawning Pool  
  16  1:23  Drone  
  16  1:24  Drone  
  18  1:31  Drone  
  19  1:40  Overlord  
  19  1:58  Drone  
  20  2:04  Queen  
  20  2:05  Queen  
  24  2:09  Zergling x2  
  24  2:13  Zergling x2  
  26  2:21  Metabolic Boost  
  26  2:23  Zergling x2  
  26  2:26  Zergling x2  
  28  2:32  Drone x2  
  30  2:38  Drone  
  30  2:40  Drone  
  32  3:00  Drone  
  32  3:03  Drone  
  34  3:08  Overlord  
  34  3:09  Hatchery  
  33  3:27  Zergling x4  
  33  3:28  Drone  
  33  3:29  Drone x5  
  41  3:40  Spine Crawler  
  40  3:45  Spine Crawler  
  39  3:48  Drone  
  39  3:49  Drone x3  
  42  3:57  Zergling x4  
  42  3:58  Zergling x4  
  44  4:07  Baneling Nest  
  44  4:09  Overlord  
  42  4:10  Overlord  
  42  4:22  Extractor  
  41  4:27  Spine Crawler  
  41  4:28  Drone x4  
  41  4:29  Drone  
  45  4:37  Baneling Nest  
  44  4:39  Roach Warren  
  44  4:47  Zergling x2  
  44  4:48  Zergling x10  
  43  5:07  Spine Crawler  
  42  5:15  Drone x3  
  45  5:29  Spine Crawler  
  45  5:32  Zergling x14  
  42  5:39  Spine Crawler  
  41  5:44  Roach x2  
  41  5:45  Spine Crawler  
  44  5:51  Evolution Chamber  
  44  5:52  Evolution Chamber  
  44  5:54  Lair  
  42  5:57  Overlord  
  42  5:59  Drone x4  
  42  6:01  Roach  
  42  6:02  Roach x2  
  42  6:03  Roach  
  54  6:10  Baneling x5  
  54  6:12  Baneling  
  54  6:17  Drone x2  
  56  6:20  Zerg Missile Weapons Level 1  
  56  6:26  Zerg Ground Armor Level 1  
  56  6:38  Pneumatized Carapace  
  56  6:40  Drone x4  
  56  6:42  Drone  
  54  7:29  Roach x7  
  66  7:32  Overlord  
  66  7:33  Overlord  
  66  7:36  Glial Reconstitution  
  66  7:42  Extractor, Drone  
  66  7:43  Drone  
  67  7:44  Extractor, Overlord  
  67  7:45  Overlord  
  66  8:05  Hatchery  
  65  8:17  Hatchery  
  65  8:18  Overseer  
  64  8:23  Zerg Missile Weapons Level 2, Zerg Ground Armor Level 2  
  64  8:40  Infestation Pit  
  63  9:00  Roach x15  
  93  9:11  Overlord x2  
  93  9:20  Hive  
  93  9:27  Drone x3  
  96  9:38  Drone x4  
  100  9:39  Drone  
  101  9:57  Roach  
  101  9:58  Roach x4  
  101  10:03  Queen  
  93  10:27  Zergling x4, Roach x4  
  93  10:28  Roach x3, Zergling x2  
  106  10:43  Drone x4  
  106  10:44  Drone x5  
  106  10:47  Ravager  
  111  11:19  Zerg Missile Weapons Level 3  
  111  11:20  Zerg Ground Armor Level 3  
  111  11:22  Adrenal Glands  
  111  11:26  Extractor  
  111  11:28  Extractor  
  111  11:29  Queen  
  111  11:31  Drone x13  
  124  11:41  Hydralisk Den  
  124  11:46  Drone x3  
  126  11:56  Overlord x3  
  126  12:06  Drone  
  127  12:14  Drone x2  
  129  12:26  Overlord  
  129  12:27  Overlord  
  129  12:37  Grooved Spines  
  129  12:41  Hydralisk x11  
  151  13:11  Extractor x2  
  149  13:13  Drone  
  149  13:14  Drone x4  
  154  13:25  Hydralisk x3, Zergling x2  
  154  13:26  Hydralisk, Zergling x8  
  167  13:28  Muscular Augments  
  167  13:29  Overlord x3  
  167  13:30  Overlord x5  
  167  13:35  Hatchery  
  166  13:44  Zergling x2  
  154  14:02  Zergling x6  
  127  14:03  Zergling x10  
  127  14:08  Roach  
  127  14:09  Roach x16  
  115  14:23  Queen  
  117  14:36  Hydralisk x3  
  117  14:37  Hydralisk x2, Roach x4  
  121  14:55  Hydralisk  
  121  14:56  Hydralisk x8  
  129  15:14  Hydralisk x3, Roach  
  129  15:15  Roach x6, Hydralisk  
  129  15:16  Queen  
  147  15:41  Queen  
  145  16:08  Hydralisk x2  
  145  16:09  Hydralisk x6, Roach x3  
  145  16:10  Roach x6  
  180  16:11  Zergling x2  
  180  16:13  Zergling x4  
  180  16:15  Zergling x2  
  177  17:18  Hydralisk  
  177  17:19  Hydralisk x6, Roach x6  
  177  17:20  Roach x4, Hydralisk x3  
Tags
 
Matchup
ZvZ
Race
Zerg
Replay Pack
Multiplayer
Spawn Locations
Close Positions
Add a new tag
Caveats
  • Supply blocks, unpowered buildings, or Contaminate may cause inaccurate times.
  • Supply counts are checked every 10 seconds.